 Dungeon Crawl Stone Soup version 0.29-a0-775-g4d7333d4e2 (webtiles) character file.

Game seed: 1382328690737644574

11 xian the Charlatan (level 2, -6/19 HPs)
             Began as a Demonspawn Wanderer on July 1, 2022.
             Mangled by a gnoll
             ... wielding a +1 flail of protection
              (13 damage)
             ... on level 1 of the Dungeon.
             The game lasted 00:01:30 (487 turns).

xian the Charlatan (Demonspawn Wanderer)             Turns: 487, Time: 00:01:31

Health: -6/19      AC:  2    Str: 11    XL:     2   Next: 17%
Magic:  3/5        EV: 12    Int: 13    God:
Gold:   12         SH:  0    Dex: 19    Spells: 4/5 levels left

rFire   . . .      SeeInvis .   a - +0 dagger
rCold   . . .      Faith    .   (no shield)
rNeg    . . .      Spirit   .   d - +0 robe
rPois   .          Reflect  .   (no helmet)
rElec   .          Harm     .   (no cloak)
rCorr   .          Rampage  .   (no gloves)
Will    .....                   (no boots)
Stlth   ++........              (no amulet)
HPRegen 0.06/turn               g - +6 ring of dexterity
MPRegen 0.09/turn               (no ring)

@: no status effects
A: powered by death 1
a: no special abilities


You were on level 1 of the Dungeon.
You visited 1 branch of the dungeon, and saw 1 of its levels.

You collected 12 gold pieces.

Inventory:

Hand Weapons
 a - a +0 dagger (weapon)
Missiles
 h - 3 curare-tipped darts
Armour
 d - a +0 robe (worn)
Jewellery
 g - a +6 ring of dexterity (left hand)
Wands
 b - a wand of polymorph (7)
Scrolls
 c - a scroll of teleportation
Potions
 e - a potion of curing
 f - a potion of heal wounds {unknown}
 i - 2 potions of might {unknown}


   Skills:
 + Level 1.0 Dodging
 + Level 1.0 Unarmed Combat
 + Level 2.0 Spellcasting
 + Level 3.1 Fire Magic
 + Level 3.1 Evocations


You had 4 spell levels left.
You knew the following spells:

 Your Spells              Type           Power      Damage    Failure   Level
a - Foxfire               Conj/Fire      20%        2x1d5     13%         1

Your spell library contained the following spells:

 Spells                   Type           Power      Damage    Failure   Level
 Scorch                   Fire           18%        2d6       11%         2
 Sticky Flame             Conj/Fire      5%         2d3       78%         4


Dungeon Overview and Level Annotations

Branches:
Dungeon (1/15)

Altars:


Innate Abilities, Weirdness & Mutations

You regenerate a little health from kills.


Message History

You have reached level 2!
Your demonic ancestry asserts itself...
A wave of death washes over you.
Things that are here:
a +0 dagger; a goblin corpse A bat comes into view.
A bat is nearby!
You conjure some foxfire!
The foxfire hits the bat.
The bat is severely wounded.
The bat closely misses you.
A frilled lizard and a kobold come into view.
The foxfire hits the bat.
You kill the bat!
Found a stone staircase leading down.
The kobold shouts!
You conjure some foxfire!
The frilled lizard hisses angrily.
The foxfire hits the kobold.
The kobold is moderately wounded.
The foxfire hits the kobold.
You kill the kobold!
You conjure some foxfire!
A gnoll comes into view.
It is wielding a +1 flail of protection.
The foxfire hits the frilled lizard.
You kill the frilled lizard!
A dart slug comes into view.
The foxfire hits the gnoll but does no damage.
A quokka comes into view.
Found a leather armour.
The gnoll hits you with a +1 flail of protection!
Ouch! That really hurt!
Things that are here:
a +0 club; a frilled lizard corpse; a kobold corpse You hit the gnoll but do no damage.
The gnoll barely misses you.
You barely miss the gnoll.
An endoplasm comes into view.
The gnoll hits you with a +1 flail of protection!
Ouch! That really hurt!
You die...

#.##########......
#.# ##..... #.#
######.####
#######.#
#........#
......†.#
#.####.#)#
######..# #.#.##
#..# #.#.## #..#
#.###. #.@# #.##..
#.g# ###..# #.w.
#..## #.r.[ ##†##
.>.... #..# #
#.###### ##.####
#. #..###. J.
#.###.. #.##...


You could see a gnoll, a dart slug, an endoplasm (wandering) and a quokka.

Vanquished Creatures
  A ball python (D:1)
  2 bats (D:1)
  An endoplasm (D:1)
  A goblin (D:1)
  2 hobgoblins (D:1)
  A frilled lizard (D:1)
  2 kobolds (D:1)
10 creatures vanquished.

Vanquished Creatures (others)
  21 foxfires (D:1)
21 creatures vanquished.

Grand Total: 31 creatures vanquished

Notes
Turn   | Place    | Note
-------+----------+-------------------------------------------
     0 | D:1      | xian the Demonspawn Wanderer began the quest for the Orb.
     0 | D:1      | xian set off with the following items: a +0 dagger, a wand
                  | of polymorph (7), a scroll of teleportation, a +0 robe, a
                  | potion of curing; and the following spell memorised:
                  | Foxfire; and the following spells available to memorise:
                  | Scorch, Sticky Flame.
     0 | D:1      | Reached XP level 1. HP: 13/13 MP: 3/3
   434 | D:1      | Gained mutation: You regenerate a little health from kills.
                  | [demonic ancestry]
   434 | D:1      | Reached XP level 2. HP: 19/19 MP: 3/5
   487 | D:1      | Mangled by a gnoll

Illustrated notes

Levels and vault maps discovered:
D:1:      dpeg_arrival_central, layout_loops_ring, serial_shops, shop,
          minmay_pentomino_q4

Skill      XL: |  1 |
---------------+----+-----
Fire Magic     | 3 |  3.1
Dodging        | |  1.0
Unarmed Combat | |  1.0
Spellcasting   | |  2.0
Evocations     | |  3.1

Action                   || total
-------------------------++-------
Melee: Dagger            ||    13
 Cast: Foxfire           ||    15
Armor: Robe              ||     1
Dodge: Dodged            ||     7

Table legend: (Time is in decaauts)
 A = Elapsed time spent in this place.
 B = Non-inter-level travel time spent in this place.
 C = Inter-level travel time spent in this place.
 D = Time resting spent in this place.
 E = Time spent auto-exploring this place.
 F = Levels seen in this place.
 G = Mean time per level.
                   A        B        C        D        E       F      G
               +--------+--------+--------+--------+--------+-----+--------+
         Total |    486 |    486 |      0 |      0 |    377 |   1 |  486.0 |
       Dungeon |    486 |    486 |      0 |      0 |    377 |   1 |  486.0 |
               +--------+--------+--------+--------+--------+-----+--------+

Top non-repeatable levels by time:
     D:1: 486 daAuts
